 Dungeon Crawl Stone Soup version 0.31.0-9-g3a7656b989 (webtiles) character file.

Game seed: 18444586351925603906

38 Jase the Ruffian (level 3, 0/24 (28) HPs)
             Began as a Draconian Shapeshifter on Jan 25, 2024.
             Was a Believer of Uskayaw.
             Slain by Terence
             ... wielding the +7 Throatcutter {drain, coup de grace}
              (8 damage)
             ... on level 2 of the Dungeon.
             The game lasted 00:01:54 (828 turns).

Jase the Ruffian (Draconian Shapeshifter)            Turns: 828, Time: 00:01:55

HP:   0/24 (28)     AC:  5    Str: 22    XL:     3   Next: 25%
MP:   3/3           EV: 12    Int: 10    God:    Uskayaw [**....]
Gold: 73            SH:  0    Dex: 12    Spells: 2/2 levels left

rFire   . .          .
                       - Unarmed
rCold   . . .        (no shield)
rNeg    . . .        (body armour unavailable)
rPois   .            (helmet currently unavailable)
rElec   .            (cloak currently unavailable)
rCorr   .            (gloves currently unavailable)
SInv    .            (boots currently unavailable)
Will    .....        d - amulet of the acrobat
Stlth   +            m - +6 ring of strength
HPRegen 0.24/turn    (no ring)
MPRegen 0.08/turn

%: acrobat
@: beast-form, heavily drained
A: beast (slay +2), AC +5, unfitting armour, cold-blooded
a: Begin Untransformation, Renounce Religion, Stomp, Line Pass


You were on level 2 of the Dungeon.
You worshipped Uskayaw.
Uskayaw was noncommittal.
You were a hulking beast.
You visited 1 branch of the dungeon, and saw 2 of its levels.

You collected 73 gold pieces.

Inventory:

Missiles
 f - 2 poisoned darts (quivered)
Jewellery
 d - an amulet of the acrobat (around neck)
 m - a +6 ring of strength (left hand)
Talismans
 b - a beast talisman
 c - a flux talisman
Scrolls
 k - 3 scrolls of identify {unknown}
 l - a scroll of enchant weapon {unknown}
Potions
 a - a potion of lignification
 e - a potion of degeneration {unknown}
 g - 2 potions of brilliance {unknown}
 h - 3 potions of curing {unknown}
 i - a potion of mutation {unknown}
 j - a potion of cancellation {unknown}
 n - a potion of invisibility {unknown}
 o - a potion of berserk rage {unknown}


   Skills:
 - Level 1.1 Fighting
 - Level 1.7 Dodging
 + Level 3.6 Unarmed Combat
 + Level 0.8 Invocations
 + Level 3.5 Shapeshifting


You had 2 spell levels left.
You didn't know any spells.
Your spell library contained the following spells:

 Spells                   Type           Power      Damage    Failure   Level
 Apportation              Tloc           0%         N/A       36%         1
 Necrotise                Necr           0%         1d4       36%         1
 Sting                    Conj/Alch      0%         1d3       36%         1
 Summon Small Mammal      Summ           0%         N/A       36%         1


Dungeon Overview and Level Annotations

Branches:
Dungeon (2/15)

Altars:
Uskayaw

Annotations:
D:2 Terence


Innate Abilities, Weirdness & Mutations

You are a hulking beast.
Your limbs bulge with bestial killing power. (Slay +2)
Your plain brown scales are hard. (AC +5)
You cannot fit into any form of body armour.
You are cold-blooded and may be slowed by cold attacks.


Message History

Terence asks, "Do you want it fast or slow?"
You barely miss Terence. Terence closely misses you.
You punch Terence!
Terence is moderately wounded.
You can now pass through a line of other dancers.
You hit Terence.
Terence is heavily wounded.
Terence misses you. The giant cockroach barely misses you.
The endoplasm jiggles.
You hit Terence.
Terence is severely wounded.
The giant cockroach barely misses you.
Terence hits you with the +7 Throatcutter {drain, coup de grace}.
You feel drained.
You hit Terence.
Terence is severely wounded.
Terence barely misses you. The giant cockroach barely misses you.
You hit Terence but do no damage.
Terence is severely wounded.
Terence barely misses you.
The giant cockroach barely misses you. x2
You hit Terence but do no damage.
Terence is severely wounded.
Terence hits you with the +7 Throatcutter {drain, coup de grace}.
You feel drained.
The giant cockroach completely misses you.
The giant cockroach barely misses you.
You barely miss Terence.
Terence is severely wounded.
The giant cockroach closely misses you. The giant cockroach bites you.
Terence hits you with the +7 Throatcutter {drain, coup de grace}.
You feel drained.
You hit Terence but do no damage.
You tail-slap Terence, but do no damage.
You punch Terence, but do no damage.
Terence is severely wounded.
The giant cockroach bites you but does no damage.
The giant cockroach closely misses you.
Terence hits you with the +7 Throatcutter {drain, coup de grace}!
You die...
Terence says, "Time to find some more victims."

#.###.# ##.##..#
#.....# #.##..#
####..####.##..#
# #...........#
##.####.##.##
#.####.#...#
#.......# #
#####.)##.##.##
#.Bh@J.....
##B##.#.... #..
.. . ###. ... ##
... .. .


You could see Terence, an endoplasm and 2 giant cockroaches.

Vanquished Creatures
  An adder (D:2)
  3 ball pythons
  4 bats (D:1)
  3 endoplasms
  3 giant cockroaches
  3 goblins
  4 kobolds
  A quokka (D:1)
  3 frilled lizards
  2 rats
27 creatures vanquished.

Notes
Turn   | Place    | Note
-------+----------+-------------------------------------------
     0 | D:1      | Jase the Draconian Shapeshifter began the quest for the
                  | Orb.
     0 | D:1      | Reached XP level 1. HP: 16/16 MP: 1/1
   155 | D:1      | Reached XP level 2. HP: 22/23 MP: 2/2
   600 | D:2      | Found a hide-covered altar of Uskayaw.
   608 | D:2      | Became a worshipper of Uskayaw the Reveller
   735 | D:2      | Reached * piety under Uskayaw
   789 | D:2      | Reached ** piety under Uskayaw
   792 | D:2      | Reached XP level 3. HP: 28/28 MP: 3/3
   813 | D:2      | Noticed Terence
   828 | D:2      | Slain by Terence

Illustrated notes

Levels and vault maps discovered:
D:1:      spicycebolla_arrival_clurvy, layout_basic
D:2:      layout_loops_ring, chequers_ecumenical_altar_grove, basic_altar,
          nicolae_nh_oracle_at_delphi, uniq_terence, uniq_sigmund

Action                     || total
---------------------------++-------
  Melee: Unarmed           ||    62
         Tailslap          ||     2
         Punch             ||     3
 Armour: Skin              ||    29
  Dodge: Dodged            ||    52
